 Dungeon Crawl Stone Soup version 0.17-a0-1554-g3b847ca (webtiles) character file.

609 namelastname112 the Slasher (level 7, -22/60 HPs)
             Began as a Mottled Draconian Skald on July 20, 2015.
             Was an Initiate of Okawaru.
             Annihilated by an ogre
             ... wielding a +0 giant club
              (31 damage)
             ... on level 4 of the Dungeon.
             The game lasted 00:11:45 (6153 turns).

namelastname112 the Slasher (DrSk)                  Turns: 6153, Time: 00:11:46

Health: -22/60     AC: 10    Str: 15      XL:     7   Next: 19%
Magic:  7/10       EV: 13    Int: 12      God:    Okawaru [......]
Gold:   188        SH:  0    Dex: 12 (14) Spells: 1 memorised, 9 levels left

rFire  . . .     SeeInvis .     a - +0 falchion
rCold  . . .     Clarity  .     (armour unavailable)
rNeg   . . .     SustAt   .     (no shield)
rPois  .         Gourm    +     (helmet restricted)
rElec  .         Spirit   .     m - +1 cloak
rCorr  .         Warding  .     x - +0 pair of gloves
rMut   .         Stasis   .     q - +0 pair of boots
MR     +....                    d - amulet of the gourmand
Stlth  +.........               (no ring)
                                (no ring)

@: infused, somewhat resistant to hostile enchantments, very unstealthy
A: breathe sticky flame splash, unfitting armour, claws 1, agile 1,
deterioration 1, magic resistance 1, sense surroundings 1, wild magic 1,
cold-blooded, AC +6
a: Breathe Sticky Flame, Renounce Religion


You were on level 4 of the Dungeon.
You worshipped Okawaru.
Okawaru was noncommittal.
You were not hungry.

You visited 2 branches of the dungeon, and saw 5 of its levels.

You collected 188 gold pieces.

Inventory:

Hand weapons
 a - a +0 falchion (weapon)
 p - a +0 blowgun
Missiles
 f - 6 curare-tipped needles
 g - 154 stones (quivered)
 u - 20 sling bullets
 y - 18 poisoned needles
Armour
 m - a +1 cloak (worn)
 q - a +0 pair of boots (worn)
 x - a +0 pair of gloves (worn)
Jewellery
 d - an amulet of the gourmand (around neck)
Magical devices
 o - a wand of slowing (23)
Scrolls
 h - a scroll of blinking {unknown}
 i - a scroll of enchant armour {unknown}
 j - 2 scrolls of remove curse {unknown}
 k - 6 scrolls of identify {unknown}
 l - 3 scrolls of amnesia {unknown}
 n - a scroll of random uselessness {unknown}
 t - a scroll of enchant weapon {unknown}
 A - a scroll of teleportation {unknown}
Potions
 e - a potion of agility
 r - a potion of heal wounds
 s - a potion of berserk rage {unknown}
 w - a potion of curing {unknown}
Books
 b - a book of Battle

   Spells                             Type                      Level
   a - Infusion                       Charms                       1
   b - Shroud of Golubria             Charms/Translocation         2
   c - Song of Slaying                Charms                       2
   d - Spectral Weapon                Hexes/Charms                 3
   e - Regeneration                   Charms/Necromancy            3
Comestibles
 c - 5 bread rations
 v - 5 fruits


   Skills:
 + Level 4.5 Fighting
 * Level 6.0 Long Blades
 + Level 3.6 Dodging
 - Level 2.0 Spellcasting
 - Level 2.6 Charms


You had 9 spell levels left.
You knew the following spells:

 Your Spells              Type           Power        Failure   Level  Hunger
a - Infusion              Chrm           ##....       22%         1    ##.....


Dungeon Overview and Level Annotations

Branches:
Dungeon (4/15)             Temple (1/1) D:4

Altars:
Cheibriados
Dithmenos
Elyvilon
Fedhas
Gozag
Okawaru
Qazlal
Ru
Sif Muna
Xom
Zin
The Shining One


Innate Abilities, Weirdness & Mutations

You can spit globs of burning liquid.
You can ignite nearby creatures when you spit burning liquid.
Your weird mottled scales are hard (AC +6).
Your body does not fit into most forms of armour.
You are cold-blooded and may be slowed by cold attacks.
You have sharp fingernails.
You are agile. (Dex +2)
Your body sometimes deteriorates upon taking damage.
You are resistant to hostile enchantments.
You passively map a small area around you.
Your spells are a little harder to cast, but a little more powerful.


Message History

An orc wizard appears from thin air!
Reactivating autopickup.
The orc misses you.
You slash the orc!
You kill the orc!
Okawaru accepts your kill.
You barely miss the ogre.
The ogre is moderately wounded.
The ogre hits you with a giant club.
You slash the ogre!
The ogre is heavily wounded.
The ogre hits you with a giant club!!
Ouch! That really hurt!
* * * LOW HITPOINT WARNING * * *
Your body deteriorates!
You feel clumsy.
You barely miss the ogre. You tail-slap the ogre.
The ogre is severely wounded.
The ogre hits you with a giant club!!
Ouch! That really hurt!
You die...

#...## ##....##............
#....###....####..o........
#..........## ##........?.
, *#..........##
##....#.... #...######..K.#
#......... ...### ##oo##
##........ .## ##K# * ,
#O## ##@# * *, * #.# , , *
#.# ### *


You could see an ogre, an orc wizard, an orc and 2 kobolds.

Vanquished Creatures
  A sky beast (D:3)
  An ogre (D:3)
  The ghost of namelastname112 the Skirmisher, a weakling DrSk (D:3)
  An orc priest (D:3)
  A hound (D:4)
  2 orc wizards
  2 worker ants (D:4)
  A gnoll (D:2)
  9 adders
  4 oozes
  A worm (D:3)
  3 giant geckos
  18 orcs
  9 bats
  A bat zombie (D:1)
  8 giant cockroaches
  13 goblins
  10 hobgoblins
  9 jackals
  12 kobolds
  6 giant newts
  A jackal skeleton (D:4)
  A jackal zombie (D:1)
  2 quokkas (D:3)
  13 rats
130 creatures vanquished.

Notes
Turn   | Place    | Note
--------------------------------------------------------------
     0 | D:1      | namelastname112 the Draconian Skald began the quest for the Orb.
     0 | D:1      | Reached XP level 1. HP: 17/17 MP: 3/3
   120 | D:1      | Reached XP level 2. HP: 12/25 MP: 5/5
   920 | D:1      | Reached XP level 3. HP: 30/30 MP: 6/6
   929 | D:1      | Reached skill level 3 in Long Blades
  1339 | D:2      | Found a snail-covered altar of Cheibriados.
  1606 | D:2      | Reached XP level 4. HP: 25/37 MP: 7/7
  1987 | D:2      | Found a white marble altar of Elyvilon.
  2136 | D:3      | Noticed namelastname112's ghost (weakling DrSk)
  2257 | D:3      | Killed namelastname112's ghost
  2257 | D:3      | Reached skill level 4 in Long Blades
  2257 | D:3      | Reached XP level 5. HP: 16/45 MP: 4/8
  2632 | D:3      | Found an opulent altar of Gozag.
  2658 | D:3      | Found a stormy altar of Qazlal.
  2662 | D:3      | Found a blossoming altar of Fedhas.
  3978 | D:3      | Reached skill level 5 in Long Blades
  3978 | D:3      | Reached XP level 6. HP: 21/52 MP: 9/9
  4253 | D:3      | Found a glowing golden altar of the Shining One.
  4636 | D:3      | Gained mutation: Your spells are a little harder to cast, but a little more powerful. [mutagenic meat]
  4637 | D:3      | Gained mutation: You have sharp fingernails. [mutagenic meat]
  4638 | D:3      | Gained mutation: You passively map a small area around you. [mutagenic meat]
  4639 | D:3      | Gained mutation: Your body sometimes deteriorates upon taking damage. [mutagenic meat]
  4640 | D:3      | Gained mutation: You are resistant to hostile enchantments. [mutagenic meat]
  4641 | D:3      | Gained mutation: You are agile. (Dex +2) [mutagenic meat]
  5548 | D:4      | Your scales start taking on a weird mottled colour.
  5548 | D:4      | Reached XP level 7. HP: 46/60 MP: 10/10
  5786 | D:4      | Found a staircase to the Ecumenical Temple.
  5814 | Temple   | Entered the Ecumenical Temple
  5845 | Temple   | Became a worshipper of Warmaster Okawaru
  6141 | D:4      | Reached skill level 6 in Long Blades
  6153 | D:4      | Annihilated by an ogre

Vault maps used:
D:1:      saegor_arrival_fortress, interstate_on_off, st_stairs_4
D:2:      cheibriados_altar_wand_db, nicolae_overflow_crystal_walls
D:3:      grunt_temple_overflow_forces_of_nature, grunt_gozag_statues,
          lemuel_crystal_altar, minmay_vboxes
D:4:      tgw_trog, minmay_temple_entry_statues_fountains, first_bread,
          abandoned_shop
Temple:   minmay_temple_bridge_d_8

Action                   |  1- 3 |  4- 6 |  7- 9 || total
-------------------------+-------+-------+-------++-------
Melee: Falchion          |   153 |   378 |    59 ||   590
 Cast: Infusion          |       |     2 |     1 ||     3
 Abil: Breathe Sticky Fl |       |       |     1 ||     1
Evoke: Wand              |       |     1 |       ||     1
  Use: Potion            |       |     4 |       ||     4
  Eat: Chunk             |     2 |    16 |     3 ||    21
       Pizza             |       |     1 |       ||     1
       Beef jerky        |       |     1 |       ||     1
